 Dungeon Crawl Stone Soup version 0.30-b1-2-g02819fbbbe (webtiles) character file.

Game seed: 89205780843986592

1283 Alarkh the Destroyer (level 8, -1/52 HPs)
             Began as a Demonspawn Conjurer on May 28, 2023.
             Slain by bl3nd3r's ghost (13 damage)
             ... on level 5 of the Dungeon.
             The game lasted 00:09:08 (5455 turns).

Alarkh the Destroyer (Demonspawn Conjurer)          Turns: 5455, Time: 00:09:09

Health: -1/52      AC:  5    Str:  4    XL:     8   Next: 29%
Magic:  8/16       EV: 12    Int: 26    God:
Gold:   270        SH:  0    Dex: 11    Spells: 7/18 levels left

rFire   . . .        b - +0 dagger
rCold   . . .        (no shield)
rNeg    + . .        a - +0 robe
rPois   +            n - +1 hat
rElec   .            (no cloak)
rCorr   .            c - +0 pair of gloves
SInv    .            f - +0 pair of boots
Will    .....        (no amulet)
Stlth   ++           g - ring of wizardry
HPRegen 0.28/turn    w - ring "Kehan" {Wiz rPois rN+ Str-4 Int+4}
MPRegen 0.15/turn

%: wizardry (x2)
@: no status effects
A: hooves 1, powered by death 1
a: no special abilities


You were on level 5 of the Dungeon.
You visited 2 branches of the dungeon, and saw 6 of its levels.

You collected 270 gold pieces.

Inventory:

Hand Weapons
 b - a +0 dagger (weapon)
Armour
 a - a +0 robe (worn)
 c - a +0 pair of gloves (worn)
 f - a +0 pair of boots (worn)
 n - a +1 hat (worn)
Jewellery
 g - a ring of wizardry (left hand)
 w - the ring "Kehan" (right hand) {Wiz rPois rN+ Str-4 Int+4}
   (You found it on level 5 of the Dungeon)

   [ring of wizardry]

   It improves your spell success rate.
   Str:       It affects your strength (-4).
   Int:       It affects your intelligence (+4).
   rPois:     It protects you from poison.
   rN:        It protects you from negative energy.
Wands
 v - a wand of charming (8)
Scrolls
 d - a scroll of immolation
 i - 5 scrolls of teleportation
 k - a scroll of acquirement {unknown}
 l - a scroll of amnesia {unknown}
 m - a scroll of noise {unknown}
 o - a scroll of magic mapping {unknown}
 p - 2 scrolls of identify
 q - a scroll of fear {unknown}
 r - a scroll of enchant armour {unknown}
Potions
 e - 3 potions of lignification
 h - a potion of curing
 j - 2 potions of haste
 s - 3 potions of invisibility
 t - a potion of attraction {unknown}
 u - a potion of might {unknown}


   Skills:
 - Level 1.7 Dodging
 - Level 1.7 Stealth
 + Level 5.6 Spellcasting
 * Level 9.2 Conjurations


You had 7 spell levels left.
You knew the following spells:

 Your Spells              Type           Power      Damage    Failure   Level
a - Searing Ray           Conj           100%       2d8       1%          2
b - Magic Dart            Conj           100%       1d8       1%          1
c - Fulminant Prism       Conj/Hex       15%        3d10      3%          4
d - Iskenderun's Mystic   Conj/Tloc      31%        2d8       3%          4

Your spell library contained the following spells:

 Spells                   Type           Power      Damage    Failure   Level
 Momentum Strike          Conj/Tloc      62%        3d9       1%          2
 Dazzling Flash           Conj/Hex       62%        N/A       1%          3
 Mephitic Cloud           Conj/Pois/Air  23%        N/A       1%          3
 Beastly Appendage        Tmut           14%        N/A       2%          1
 Blink                    Tloc           14%        N/A       3%          2
 Call Imp                 Summ           14%        N/A       3%          2
 Lesser Beckoning         Tloc           14%        N/A       3%          2
 Wereblood                Tmut           7%         N/A       3%          2
 Gell's Gravitas          Tloc           7%         N/A       6%          3
 Spider Form              Tmut/Pois      7%         N/A       6%          3
 Teleport Other           Tloc           7%         N/A       6%          3
 Dispersal                Tloc           3%         N/A       93%         6


Dungeon Overview and Level Annotations

Branches:
Dungeon (5/15)             Temple (1/1) D:5

Altars:
Dithmenos
Fedhas
Gozag
Makhleb
Qazlal
Sif Muna
Trog
Vehumet
Wu Jian
Xom
Yredelemnul

Annotations:
D:5 bl3nd3r's ghost, novice TrFi


Innate Abilities, Weirdness & Mutations

You have large cloven feet.
You regenerate a little health from kills.


Message History

Found a dagger.
You see here a +0 leather armour.
There is an ornate altar of the Wu Jian Council here.
There is an open door here.
Bl3nd3r's ghost turns its malevolent gaze towards you.
Could not explore, unopened runed door.
You open the door.
Casting: Searing Ray (safe; 1% risk of failure)
Confirm with . or Enter, or press ? or * to list all spells.
Aiming: Searing Ray (safe; 1% risk of failure)
Press: ? - help, Shift-Dir - straight line, f - bl3nd3r's ghost
Aim: bl3nd3r's ghost (85% to hit)
The searing ray hits bl3nd3r's ghost!
Bl3nd3r's ghost is lightly damaged. (Press . to maintain the ray.)
The searing ray hits bl3nd3r's ghost!
Bl3nd3r's ghost is moderately damaged.
The searing ray hits bl3nd3r's ghost!
Bl3nd3r's ghost is heavily damaged.
The searing ray hits bl3nd3r's ghost.
Bl3nd3r's ghost is heavily damaged.
You finish channelling your searing ray.
Bl3nd3r's ghost barely misses you.
Casting: Searing Ray (safe; 1% risk of failure)
Confirm with . or Enter, or press ? or * to list all spells.
Aiming: Searing Ray (safe; 1% risk of failure)
Press: ? - help, Shift-Dir - straight line, f/p - bl3nd3r's ghost
Aim: bl3nd3r's ghost (heavily damaged, 85% to hit)
The searing ray hits bl3nd3r's ghost!
Bl3nd3r's ghost is heavily damaged. (Press . to maintain the ray.) Bl3nd3r's ghost hits you!!
The searing ray hits bl3nd3r's ghost!
Bl3nd3r's ghost is severely damaged.
Bl3nd3r's ghost hits you!!
* * * LOW HITPOINT WARNING * * *
The searing ray hits bl3nd3r's ghost!
Bl3nd3r's ghost is almost destroyed.
Bl3nd3r's ghost hits you!
You die...

##.# #....##⌠##...## #.# .'.#
#...##...##...# #.#
##.#######..##.....##..# #.#
#.....#....#⌠.!♣?.⌠#..# #####.#
##.....#.#..##.....##..# #.....#
.............##...##...###.#####
##.....####...##.##.....##.#
#.....# ##...#W#...###.#.#
###.### ##...@...## ##..# #.#
##.....## ##.# #.# ###..#.##
##..# # #.# ##.##.###.#.# #
##.## #.###.#.##.#
###...###########.####.###.#
##.....##..........# ### #.#
.............#####.# #.#
.......##....# #.# #.#


You could see bl3nd3r's ghost.

Vanquished Creatures
  2 ice beasts
  An ogre (D:5)
  A centaur (D:4)
  2 phantoms (D:5)
  Blork the orc (D:5)
  6 scorpions
  A jelly (D:4)
  2 hounds
  2 orc wizards
  A sleepcap (D:5)
  7 adders
  4 gnolls (D:4)
  A shadow imp (D:3)
  3 worms
  2 dart slugs (D:1)
  7 orcs
  9 endoplasms
  5 giant cockroaches
  5 goblins
  9 hobgoblins
  3 jackals (D:2)
  5 quokkas
  4 ball pythons
  8 bats
  5 frilled lizards
  10 kobolds
  3 rats
109 creatures vanquished.

Vanquished Creatures (others)
  A fulminant prism (D:4)
1 creature vanquished.

Grand Total: 110 creatures vanquished

Notes
Turn   | Place    | Note
-------+----------+-------------------------------------------
     0 | D:1      | Alarkh the Demonspawn Conjurer began the quest for the Orb.
     0 | D:1      | Reached XP level 1. HP: 13/13 MP: 3/3
   122 | D:1      | Gained mutation: You regenerate a little health from kills.
                  | [demonic ancestry]
   122 | D:1      | Reached XP level 2. HP: 9/19 MP: 1/5
   516 | D:1      | Learned a level 2 spell: Searing Ray
   527 | D:1      | Reached XP level 3. HP: 22/24 MP: 1/6
  1292 | D:2      | Reached skill level 5 in Conjurations
  1452 | D:2      | Reached XP level 4. HP: 30/30 MP: 4/8
  2271 | D:3      | Reached XP level 5. HP: 35/35 MP: 4/9
  2528 | D:3      | Found a stormy altar of Qazlal.
  2879 | D:4      | Reached skill level 6 in Conjurations
  3243 | D:4      | Reached XP level 6. HP: 37/41 MP: 5/11
  3397 | D:4      | Learned a level 4 spell: Fulminant Prism
  3402 | D:4      | Learned a level 4 spell: Iskenderun's Mystic Blast
  3596 | D:4      | Reached skill level 7 in Conjurations
  3796 | D:4      | Gained mutation: You have large cloven feet. [demonic
                  | ancestry]
  3796 | D:4      | Reached XP level 7. HP: 46/46 MP: 5/13
  4101 | D:5      | Entered Level 5 of the Dungeon
  4184 | D:5      | Reached skill level 8 in Conjurations
  4213 | D:5      | Noticed Blork the orc
  4222 | D:5      | Killed Blork the orc
  4317 | D:5      | Found a shadowy altar of Dithmenos.
  4321 | D:5      | Identified the ring "Kehan" {Wiz rPois rN+ Str-4 Int+4}
  4396 | D:5      | Found an ornate altar of the Wu Jian Council.
  4445 | D:5      | Reached skill level 5 in Spellcasting
  4488 | D:5      | Found a staircase to the Ecumenical Temple.
  4514 | D:5      | Reached XP level 8. HP: 37/52 MP: 4/15
  4518 | Temple   | Entered the Ecumenical Temple
  4625 | D:5      | Found a runed translucent door.
  4625 | D:5      | Noticed bl3nd3r's ghost (novice TrFi)
  4835 | D:5      | Reached skill level 9 in Conjurations
  4972 | D:5      | Found an opulent altar of Gozag.
  5048 | D:5      | Found a radiant altar of Vehumet.
  5455 | D:5      | Slain by bl3nd3r's ghost

Illustrated notes

Levels and vault maps discovered:
D:1:      spicycebolla_green_bress_n_ham, layout_rooms, minmay_splitting_lines,
          chequers_serial_rivers_micro_a, minmay_three_crescents
D:2:      layout_rooms, grunt_decor_cap, chequers_serial_rivers_large_b,
          hangedman_decor_peaks_small
D:3:      layout_basic, lemuel_tele_altar, mainiacjoe_overflow_24_doors,
          minmay_cupped
D:4:      minmay_razor_zed, layout_basic
D:5:      layout_loops_ring, lemuel_doored_altar, general_overflow_altar,
          nicolae_wu_jian_glorious_leap, mainiacjoe_overflow_alcove_4,
          minmay_temple_entry_statues_fountains, hellmonk_ghost_happy_afterlife,
          uniq_blork_the_orc
Temple:   hellmonk_temple_two_chambers

Skill      XL: |  1  2  3  4  5  6  7  8 |
---------------+-------------------------+-----
Conjurations   | 5 6 7 8 9 |  9.2
Spellcasting   | 3 4 5 |  5.6
Dodging        | |  1.7
Stealth        | |  1.7

Action                     |  1- 3 |  4- 6 |  7- 9 || total
---------------------------+-------+-------+-------++-------
  Melee: Unarmed           |     9 |       |       ||     9
         Dagger            |    13 |    24 |       ||    37
   Cast: Magic Dart        |    43 |     6 |       ||    49
         Searing Ray       |    20 |    38 |    25 ||    83
         Iskenderun's Myst |       |     1 |       ||     1
         Fulminant Prism   |       |     1 |       ||     1
    Use: Potion            |     1 |     1 |       ||     2
         Scroll            |     3 |     2 |       ||     5
   Stab: Sleeping          |       |     1 |       ||     1
 Armour: Robe              |    25 |    16 |     4 ||    45
         Skin              |       |    16 |       ||    16
  Dodge: Dodged            |    62 |    37 |    13 ||   112
